 Dungeon Crawl Stone Soup version 0.29.1-12-g30fa7ad0bf (webtiles) character file.

Game seed: 7559047345672866863

2 hawla the Firebug (level 1, -1/14 HPs)
             Began as a Meteoran Fire Elementalist on Jan 5, 2023.
             Slain by a jackal (2 damage)
             ... on level 1 of the Dungeon.
             The game lasted 00:00:53 (59 turns).

hawla the Firebug (Meteoran Fire Elementalist)        Turns: 59, Time: 00:00:53

Health: -1/14      AC:  2    Str:  9    XL:     1   Next: 57%
Magic:  1/5        EV: 12    Int: 16    God:
Gold:   15         SH:  0    Dex: 14    Spells: 4/5 levels left

rFire   . . .      SeeInvis .   (no weapon)
rCold   . . .      Faith    .   (no shield)
rNeg    . . .      Spirit   .   a - +0 robe
rPois   .          Reflect  .   (no helmet)
rElec   .          Harm     .   (no cloak)
rCorr   .          Rampage  .   (no gloves)
Will    .....                   (no boots)
Stlth   +.........              (no amulet)
HPRegen 0.04/turn               (no ring)
MPRegen 0.09/turn               (no ring)

@: glowing
A: sense surroundings 1, otherworldly, glowing, explore regen
a: no special abilities


You were on level 1 of the Dungeon.
You visited 1 branch of the dungeon, and saw 1 of its levels.

You collected 15 gold pieces.

Inventory:

Armour
 a - a +0 robe (worn)
Potions
 b - a potion of magic


   Skills:
 + Level 2.4 Dodging
 - Level 1.4 Stealth
 + Level 2.7 Spellcasting
 + Level 1.2 Conjurations
 + Level 3.8 Fire Magic


You had 4 spell levels left.
You knew the following spells:

 Your Spells              Type           Power      Damage    Failure   Level
a - Foxfire               Conj/Fire      40%        2x1d6     7%          1

Your spell library contained the following spells:

 Spells                   Type           Power      Damage    Failure   Level
 Scorch                   Fire           28%        2d6       6%          2
 Conjure Flame            Conj/Fire      10%        6-21      21%         3
 Inner Flame              Hex/Fire       8%         N/A       26%         3
 Flame Wave               Conj/Fire      10%        2d6       56%         4


Dungeon Overview and Level Annotations

Branches:
Dungeon (1/15) Zot: 540

Altars:


Innate Abilities, Weirdness & Mutations

You passively map a small area around you.
You are easily found by Zot.
You glow in the dark.
You regain HP and MP as you explore.


Message History

The jackal is severely wounded.
An endoplasm comes into view.
Casting: Foxfire (safe; 7% risk of failure)
Confirm with . or Enter, or press ? or * to list all spells.
You conjure some foxfire!
The endoplasm quivers.
The jackal bites you.
You hit the jackal.
The jackal is almost dead.
The foxfire hits the jackal but does no damage.
The jackal is almost dead.
The foxfire hits the jackal but does no damage.
The jackal is almost dead.
The foxfire hits the jackal.
You kill the jackal!
The jackal attacks as you move away! The jackal bites you.
The jackal barely misses you. The jackal attacks as you move away!
The jackal bites you. The jackal attacks as you move away!
The jackal barely misses you. The jackal misses you.
The jackal attacks as you move away! The jackal barely misses you.
The jackal bites you but does no damage.
The jackal barely misses you. The jackal bites you.
The jackal completely misses you. The jackal attacks as you move away!
The jackal misses you. The jackal attacks as you move away!
The jackal misses you. The jackal attacks as you move away!
The jackal bites you. The jackal closely misses you. The jackal bites you.
The jackal attacks as you move away! The jackal bites you.
* * * LOW HITPOINT WARNING * * *
The jackal attacks as you move away! The jackal closely misses you.
The jackal attacks as you move away! The jackal closely misses you.
The jackal attacks as you move away!
The jackal bites you but does no damage.
The jackal barely misses you. The jackal bites you.
* * * LOW HITPOINT WARNING * * *
Casting: Foxfire (safe; 7% risk of failure)
Confirm with . or Enter, or press ? or * to list all spells.
You conjure some foxfire!
The jackal misses you. The jackal bites you.
You die...

,#≈.............≈#..#.
, ###..8.###.8..###..#.
, .
,#K#...........#o#..#.
*..
#######'''#######..#. *
...
*#...........##...#.
,#..
#...........##..#.. *
#...###.......###...#..
* #..v##'''''##.......†
#.v@h..g.J....######
#....h..............
#....###############
####.. , , , , ### * *
* , ,, , , * , ,, ** *
, , * * ,


You could see an endoplasm, 2 jackals and a goblin.

Vanquished Creatures
  2 jackals (D:1)
2 creatures vanquished.

Vanquished Creatures (others)
  7 foxfires (D:1)
7 creatures vanquished.

Grand Total: 9 creatures vanquished

Notes
Turn   | Place    | Note
-------+----------+-------------------------------------------
     0 | D:1      | hawla the Meteoran Fire Elementalist began the quest for
                  | the Orb.
     0 | D:1      | Reached XP level 1. HP: 14/14 MP: 5/5
    59 | D:1      | Slain by a jackal

Illustrated notes

Levels and vault maps discovered:
D:1:      lordsloth_arrival_two_stooges, layout_basic

Action                   || total
-------------------------++-------
Melee: Unarmed           ||     2
 Cast: Foxfire           ||     6
Armor: Robe              ||     2
Dodge: Dodged            ||    15
